 Dungeon Crawl Stone Soup version 0.27.1-33-g824d729ab1 (webtiles) character file.

Game seed: 12134061320305027769

19419 Kagerou the Fighter (level 13, -9/96 HPs)
             Began as a Djinni Fire Elementalist on Dec 31, 2021.
             Was a Priest of Makhleb.
             Mangled by an elephant (17 damage)
             ... on level 6 of the Lair of Beasts.
             The game lasted 01:22:22 (21001 turns).

Kagerou the Fighter (Djinni Fire Elementalist)     Turns: 21001, Time: 01:22:25

Health: -9/96      AC:  3    Str:  7    XL:     13   Next: 4%
Gold:   456        EV: 12    Int: 22    God:    Makhleb [***...] SH: 10 Dex: 14

rFire    + + .     SeeInvis .   a - +0 whip (elec)
rCold    x . .     Faith    .   F - +0 kite shield
rNeg     . . .     Spirit   .   d - +0 robe
rPois    ∞         Reflect  .   f - +0 helmet
rElec    .         Harm     .   H - +2 cloak
rCorr    .         Rampage  .   x - +0 pair of gloves
Will     +....                  (boots unavailable)
Stlth    ++........             (no amulet)
HPRegen  0.26/turn              (no ring)
MPRegen  0.00/turn              (no ring)

@: corroded, flying
A: sickness immunity, fire resistance 2, cold vulnerability 1, float, innate
caster, hp casting, extra vitality 1
a: Renounce Religion, Minor Destruction, Lesser Servant of Makhleb


You were on level 6 of the Lair of Beasts.
You worshipped Makhleb.
Makhleb was most pleased with you.
You visited 3 branches of the dungeon, and saw 15 of its levels.

You collected 1204 gold pieces.
You spent 748 gold pieces at shops.

Inventory:

Hand Weapons
 a - a +0 whip of electrocution (weapon)
 b - a +0 hand crossbow
 g - a +0 dagger
 l - a +0 short sword
 q - a +0 spear
 s - a +0 trident
 y - a +0 vorpal quarterstaff
 L - a +0 hand axe
Missiles
 c - 324 stones (quivered)
 e - 84 poisoned darts
 h - 53 bolts
 r - 180 arrows
 D - 15 boomerangs
 J - 12 sling bullets
 O - a curare-tipped dart
 S - 4 silver javelins
Armour
 d - a +0 robe (worn)
 f - a +0 helmet (worn)
 k - a +2 tower shield of positive energy
 w - the +0 ring mail of Absence {rElec Stlth+}
   (You took it off an orc on level 5 of the Dungeon)

   rElec:     It insulates you from electricity.
   Stlth:     It makes you more stealthy.
 x - a +0 pair of gloves (worn)
 F - a +0 kite shield (worn)
 H - a +2 cloak (worn)
 P - a +0 kite shield
Magical Staves
 m - a staff of poison
Wands
 t - a wand of digging (4)
 v - a wand of flame (40)
 I - a wand of mindburst (40)
 N - a wand of iceblast (7)
 U - a wand of polymorph (2)
Scrolls
 n - a scroll of silence
 p - 2 scrolls of fog
 B - 2 scrolls of teleportation
 M - a scroll of holy word
 R - a scroll of brand weapon {unknown}
 W - 2 scrolls of identify
Potions
 i - 4 potions of curing
 j - 3 potions of flight
 o - 4 potions of brilliance
 u - a potion of might {unknown}
 A - 2 potions of haste {unknown}
 C - 2 potions of attraction {unknown}
 E - a potion of heal wounds
 G - a potion of ambrosia
 K - a potion of mutation {unknown}
 T - a potion of resistance
 V - a potion of magic {unknown}
Miscellaneous
 z - a piece from Xom's chessboard (14/15)
 Q - a tin of tremorstones (2/2)


   Skills:
 - Level 10.0 Fighting
 - Level 5.0 Dodging
 - Level 2.0 Stealth
 * Level 8.8 Shields
 - Level 10.0 Spellcasting
 - Level 4.0 Invocations
 - Level 8.0 Evocations


You couldn't memorise any spells.
You knew the following spells:

 Your Spells              Type           Power      Damage    Failure   Level
a - Foxfire               Conj/Fire      100%       2x1d9     1%          1
b - Leda's Liquefaction   Hex/Erth       26%        N/A       2%          4
c - Conjure Flame         Conj/Fire      53%        6-21      1%          3
f - Fireball              Conj/Fire      26%        3d12      6%          5
i - Inner Flame           Hex/Fire       53%        N/A       1%          3
r - Corpse Rot            Necr/Air       N/A        N/A       1%          2
s - Sticky Flame          Conj/Fire      53%        2d7       2%          4
A - Animate Skeleton      Necr           100%       N/A       1%          1
O - Silence               Hex/Air        26%        N/A       6%          5
U - Manifold Assault      Tloc           53%        N/A       6%          5
Z - Wereblood             Tmut           53%        N/A       1%          2
Your spell library was empty.

Dungeon Overview and Level Annotations

Branches:
Dungeon (10/15)            Temple (1/1) D:7            Lair (6/6) D:10
 Shoals (0/4) Lair:2
  Snake: Lair:2-4    Spider: Lair:2-4     Slime: Lair:5-6       Orc: D:9-12

Altars:
Ashenzari
Cheibriados
Dithmenos
Elyvilon
Fedhas
Gozag
Hepliaklqana
Kikubaaqudgha
Makhleb
Nemelex Xobeh
Okawaru
Qazlal
Ru
Sif Muna
Trog
Uskayaw
Vehumet
Wu Jian
Xom
Yredelemnul
Zin
The Shining One
Beogh

Shops:
D:7 *

Annotations:
D:1 exclusion: downstairs
D:3 2 transporters, exclusion: 2 downstairs, vim's ghost, weakling VSFi
D:4 exclusion: 2 downstairs, Grinder
D:6 exclusion: steam dragon
Lair:1 1 runed translucent door, exclusion: 2 downstairs
Lair:2 exclusion: 2 downstairs
Lair:6 exclusion: 3 oklob plants


Innate Abilities, Weirdness & Mutations

You are immune to sickness and miasma.
You are immune to poison.
Your flesh is very heat resistant. (rF++)
You are vulnerable to cold. (rC-)
You float through the air rather than walking.
You learn spells naturally, not from books.
Your magical power is your life essence.
You have superior vitality. (+4 HP)


Message History

Okay, then.
Unknown command.
Adjust (i)tems, (s)pells, or (a)bilities?
Okay, then.
Unknown command.
Unknown command.
Adjust (i)tems, (s)pells, or (a)bilities?
Okay, then.
Unknown command.
Unknown command.
Unknown command.
Unknown command.
Unknown command.
Unknown command.
Unknown command.
Press: ? - help, v - describe, . - travel
Here: an oklob plant The floor.
Unknown command.
Unknown command.
You feel much better.
The elephant trumpets!
You hear a croak.
You hear an angry buzzing noise.
You hear a croak.
You hear an angry hiss.
The blink frog blinks!
The oklob plant spits acid at you. The splash of acid misses you.
The oklob plant spits acid at you. The splash of acid hits you!
The acid corrodes you!
You are splashed with acid!
* * * LOW HITPOINT WARNING * * *
The elephant tramples you.
* * * LOW HITPOINT WARNING * * *
You hold your ground!
You block the elephant's attack.
Unknown command.
You make a move on Xom's chessboard...
The oklob plant resists with significant effort.
You block the blink frog's attack. The elephant tramples you!
* * * LOW HITPOINT WARNING * * *
You hold your ground!
You block the elephant's attack. The elephant tramples you!
You die...

##........#..
##........#...
#.#...........
##......(....[#
#.............#
#............#
##....FPP.....#
#....FP@......#
#.....YYPP...P#
..PF.Y.PPP..F..
.....YYPP......
§..Y...DF.....#
...............
#......?.......
.##............


You could see a four-headed hydra, 5 elephants, 3 oklob plants, a cane toad, 4
blink frogs and a dream sheep.

Vanquished Creatures
  A hydra (Lair:2)
  A centaur warrior (D:10)
  A two-headed ogre (D:6)
  Pikel (D:4)
  A deep elf pyromancer (D:10)
  3 black mambas
  5 komodo dragons
  2 unseen horrors
  A rime drake (Lair:2)
  7 cane toads
  A polar bear (Lair:1)
  A snapping turtle (Lair:2)
  8 blink frogs
  A vampire (D:7)
  A wyvern (D:6)
  Eustachio (D:5)
  A steam dragon (D:7)
  9 yaks
  5 vampire mosquitoes (D:7)
  The ghost of Labrat the Magician, an amateur GnWz (D:5)
  11 water moccasins
  6 orc warriors
  2 sky beasts
  3 ice beasts
  3 black bears
  2 necrophages
  4 ogres
  3 centaurs
  12 wolves
  A phantom (D:4)
  3 lemures (D:4)
  3 kobold brigands
  10 bullfrogs
  6 killer bees (D:10)
  4 electric eels
  3 howler monkeys
  3 centaur zombies
  A bullfrog zombie (D:5)
  A gnoll shaman (D:7)
  A centaur skeleton (D:4)
  7 orc priests
  5 hounds
  3 jellies (D:6)
  A bullfrog skeleton (D:6)
  7 iguanas
  Natasha (thrice) (D:4)
  11 orc wizards
  A scorpion zombie (D:5)
  A killer bee zombie (D:6)
  2 hound skeletons
  Robin (D:4)
  3 gnolls (D:3)
  3 howler monkey skeletons
  5 adders
  A shadow imp (D:6)
  A white imp (D:5)
  An adder skeleton (D:5)
  4 worms
  2 dart slugs
  50 orcs
  4 bats
  5 endoplasms
  7 giant cockroaches
  11 goblins
  10 hobgoblins
  3 jackals (D:4)
  2 quokkas
  5 ball pythons
  7 frilled lizards
  10 kobolds
  3 rats
313 creatures vanquished.

Vanquished Creatures (collateral kills)
  12 foxfires
12 creatures vanquished.

Vanquished Creatures (others)
  1221 foxfires
  8 fungi
  17 plants
  9 toadstools (Lair:1)
1255 creatures vanquished.

Grand Total: 1580 creatures vanquished

Notes
Turn   | Place    | Note
-------+----------+-------------------------------------------
     0 | D:1      | Kagerou the Djinni Fire Elementalist began the quest for
                  | the Orb.
     0 | D:1      | Reached XP level 1. HP: 15/15 MP: 0/0
   646 | D:1      | Reached XP level 2. HP: 21/22 MP: 0/0
   928 | D:2      | Reached skill level 1 in Fighting
   929 | D:2      | Reached XP level 3. HP: 23/27 MP: 0/0
   929 | D:2      | Learned a level 1 spell: Animate Skeleton
  1046 | D:2      | Reached skill level 3 in Spellcasting
  1337 | D:2      | Reached XP level 4. HP: 18/33 MP: 0/0
  2168 | D:2      | Reached skill level 2 in Fighting
  2590 | D:3      | Found a transporter.
  2591 | D:3      | Found a transporter.
  2591 | D:3      | Noticed vim's ghost (weakling VSFi)
  2603 | D:3      | Reached XP level 5. HP: 29/38 MP: 0/0
  2603 | D:3      | Learned a level 2 spell: Corpse Rot
  2761 | D:3      | Found a sparkling altar of Nemelex Xobeh.
  2761 | D:3      | Found an opulent altar of Gozag.
  3161 | D:3      | Found a faded altar of an unknown god.
  3591 | D:4      | Reached skill level 4 in Spellcasting
  3760 | D:4      | Noticed an ogre
  3773 | D:4      | Reached XP level 6. HP: 18/45 MP: 0/0
  4065 | D:4      | Killed an ogre
  4066 | D:4      | Reached skill level 3 in Fighting
  4330 | D:4      | Reached XP level 7. HP: 43/50 MP: 0/0
  4330 | D:4      | Learned a level 2 spell: Wereblood
  4384 | D:4      | Noticed Grinder
  4509 | D:4      | Reached skill level 5 in Spellcasting
  4687 | D:4      | Noticed Robin
  4688 | D:4      | Noticed Pikel
  4721 | D:4      | Killed Robin
  5024 | D:4      | Noticed Natasha
  5031 | D:4      | Killed Natasha
  5101 | D:4      | Noticed Natasha
  5123 | D:4      | Killed Natasha
  5124 | D:4      | Reached skill level 4 in Fighting
  5184 | D:4      | Noticed Natasha
  5188 | D:4      | Killed Natasha
  5762 | D:5      | Entered Level 5 of the Dungeon
  5762 | D:5      | Noticed Eustachio
  5762 | D:5      | Found a snail-covered altar of Cheibriados.
  5769 | D:5      | Killed Eustachio
  5770 | D:5      | Reached XP level 8. HP: 33/58 MP: 0/0
  5999 | D:5      | Found a bloodstained altar of Trog.
  6002 | D:5      | Found a hide-covered altar of Uskayaw.
  6003 | D:5      | Found a shimmering altar of Xom.
  6702 | D:4      | Killed Pikel
  6703 | D:4      | Reached skill level 5 in Fighting
  6703 | D:4      | Reached skill level 6 in Spellcasting
  7512 | D:5      | Reached skill level 6 in Fighting
  7512 | D:5      | Reached skill level 7 in Spellcasting
  7512 | D:5      | Reached XP level 9. HP: 36/66 MP: 0/0
  7512 | D:5      | Learned a level 4 spell: Leda's Liquefaction
  8155 | D:5      | Found a runed translucent gate.
  8155 | D:5      | Identified the +0 ring mail of Absence {rElec Stlth+}
  8156 | D:5      | Found a runed translucent gate.
  8157 | D:5      | Found a runed translucent gate.
  8158 | D:5      | Noticed Labrat's ghost (amateur GnWz)
  8691 | D:5      | Killed Labrat's ghost
  9145 | D:6      | Noticed a two-headed ogre
  9166 | D:6      | Killed a two-headed ogre
  9167 | D:6      | Reached skill level 7 in Fighting
  9167 | D:6      | Reached skill level 8 in Spellcasting
  9319 | D:6      | Noticed an unseen horror
  9327 | D:6      | Killed an unseen horror
  9328 | D:6      | Reached XP level 10. HP: 41/75 MP: 0/0
  9569 | D:6      | Reached skill level 9 in Spellcasting
 10197 | D:6      | Reached skill level 8 in Fighting
 10197 | D:6      | Reached skill level 3 in Dodging
 10197 | D:6      | Reached skill level 2 in Stealth
 10597 | D:7      | Reached skill level 4 in Dodging
 10847 | D:7      | Reached skill level 5 in Dodging
 11116 | D:7      | Found a staircase to the Ecumenical Temple.
 11125 | Temple   | Entered the Ecumenical Temple
 11352 | Temple   | Became a worshipper of Makhleb the Destroyer
 11584 | D:7      | Found Dabiaqug's Overcharged Wands.
 11820 | D:7      | Found a shimmering altar of Xom.
 12306 | D:7      | Noticed an unseen horror
 12312 | D:7      | Killed an unseen horror
 12313 | D:7      | Reached skill level 9 in Fighting
 12568 | D:7      | Reached XP level 11. HP: 52/84 MP: 0/0
 12568 | D:7      | Learned a level 5 spell: Silence
 13083 | D:7      | Bought a wand of mindburst (40) for 748 gold pieces
 13480 | D:8      | Found a white marble altar of Elyvilon.
 13669 | D:8      | Reached skill level 1 in Evocations
 14487 | D:9      | Reached skill level 2 in Evocations
 14488 | D:9      | Reached * piety under Makhleb
 15085 | D:9      | Reached skill level 10 in Fighting
 15124 | D:9      | Reached skill level 3 in Evocations
 15465 | D:10     | Entered Level 10 of the Dungeon
 15666 | D:10     | Noticed a centaur warrior
 15670 | D:10     | Noticed a deep elf pyromancer
 16088 | D:10     | Reached skill level 4 in Evocations
 16274 | D:10     | Found a staircase to the Lair.
 16373 | D:10     | Reached skill level 10 in Spellcasting
 16559 | D:10     | Killed a centaur warrior
 16560 | D:10     | Reached skill level 5 in Evocations
 16692 | D:10     | Killed a deep elf pyromancer
 16804 | D:10     | Reached skill level 6 in Evocations
 16988 | D:10     | Noticed a catoblepas
 17165 | Lair:1   | Entered Level 1 of the Lair of Beasts
 17539 | Lair:1   | Reached skill level 7 in Evocations
 17543 | Lair:1   | Reached ** piety under Makhleb
 17707 | Lair:1   | Reached XP level 12. HP: 82/91 MP: 0/0
 17808 | Lair:1   | Found a frozen archway.
 17882 | Lair:1   | Reached skill level 8 in Evocations
 17882 | Lair:1   | Reached skill level 2 in Invocations
 17921 | Lair:1   | Reached skill level 3 in Invocations
 18333 | Lair:1   | Noticed a catoblepas
 18333 | Lair:1   | Noticed a catoblepas
 18355 | Lair:1   | Found a runed translucent door.
 18420 | Lair:2   | Reached skill level 4 in Invocations
 18430 | Lair:2   | Reached skill level 1 in Shields
 18471 | Lair:2   | Reached skill level 2 in Shields
 18480 | Lair:2   | Noticed an eight-headed hydra
 18728 | Lair:2   | Killed an eight-headed hydra
 18729 | Lair:2   | Reached skill level 4 in Shields
 18993 | Lair:2   | Reached skill level 5 in Shields
 19193 | Lair:2   | Found a staircase to the Shoals.
 19337 | Lair:2   | Reached skill level 6 in Shields
 20027 | Lair:3   | Reached skill level 7 in Shields
 20480 | Lair:3   | Reached skill level 8 in Shields
 20725 | Lair:3   | Reached XP level 13. HP: 95/96 MP: 0/0
 20725 | Lair:3   | Learned a level 5 spell: Manifold Assault
 20742 | Lair:3   | Reached *** piety under Makhleb
 20954 | Lair:3   | You are sucked into a shaft and drop 3 floors!
 20954 | Lair:6   | Entered Level 6 of the Lair of Beasts
 20999 | Lair:6   | Noticed a four-headed hydra
 21001 | Lair:6   | Mangled by an elephant

Illustrated notes

Levels and vault maps discovered:
D:1:      dpeg_arrival_stonehenge_12_columns, layout_basic, minmay_hexomino_p4
D:2:      layout_loops_cross, roderic_nine_men_s_morris, minivault_25,
          hex_medium
D:3:      layout_loops_ring, grunt_temple_overflow_opulence,
          basic_ecumenical_altar, gammafunk_ghost_arena
D:4:      layout_basic, uniq_robin, uniq_natasha, uniq_grinder, uniq_pikel
D:5:      layout_cave_pools, nicolae_overflow_hidden_temple,
          biasface_ghost_orc_armoury, gup_sewer_entry_pipe, serial_bayou_pond_e,
          grunt_tough_drop, uniq_eustachio
D:6:      layout_basic, hangedman_minor_gate_pass
D:7:      minmay_klotski, layout_loops_ring, lemuel_temple_firewalk_b,
          minivault_14, hellmonk_bongcloud_opening, hangedman_feature_mirror,
          minmay_misc_feat_tower, nicolae_shop_overcharged_wands
D:8:      layout_loops_cross, nicolae_elyvilon_temple_path
D:9:      layout_rooms, kennysheep_generic_room_5
D:10:     minmay_diamond_stairs, layout_loops_ring, nicolae_vehumet_radiance,
          lair_entry_dummy, minmay_lizard_king
Temple:   nicolae_temple_figure_eight
Lair:1:   gammafunk_lair_enchanted_lake, layout_chaotic_city,
          portal_ice_cave_entry_pillars_2
Lair:2:   layout_chaotic_city, minmay_shoals_entry_hut
Lair:3:   layout_cave_shapes, beast_lair_carwin_6
Lair:6:   minmay_lair_end_frog_pond, layout_cave_pods,
          minmay_slime_entry_oklob_open, basic_altar, dpeg_oklob_1

Skill      XL: |  1  2  3  4  5  6  7  8  9 10 11 12 |
---------------+-------------------------------------+-----
Fighting       | 1 2 3 4 6 7 9 10 | 10.0
Spellcasting   | 3 4 5 7 8 9 10 | 10.0
Dodging        | 5 |  5.0
Stealth        | 2 |  2.0
Evocations     | 7 8 |  8.0
Invocations    | 4 |  4.0
Shields        | 8 |  8.8

Action                   |  1- 3 |  4- 6 |  7- 9 | 10-12 | 13-15 || total
-------------------------+-------+-------+-------+-------+-------++-------
Melee: Dagger            |     6 |       |       |       |       ||     6
       Short sword       |       |     3 |       |       |       ||     3
       Spear             |       |    36 |     4 |       |       ||    40
       Trident           |       |       |    13 |       |       ||    13
       Whip              |       |       |    22 |    12 |     1 ||    35
Throw: Stone             |    10 |     3 |       |       |       ||    13
       Throwing net      |       |       |     1 |       |       ||     1
 Cast: Foxfire           |    32 |   117 |   204 |   423 |     8 ||   784
       Conjure Flame     |     2 |     6 |     5 |     3 |       ||    16
       Animate Skeleton  |     1 |       |       |       |       ||     1
       Sticky Flame      |       |     1 |    15 |    50 |     3 ||    69
       Inner Flame       |       |       |     4 |     1 |       ||     5
       Fireball          |       |       |     4 |    79 |     2 ||    85
Evoke: Piece from Xom's  |       |       |       |       |     1 ||     1
  Use: Scroll            |     3 |     2 |     2 |    12 |     2 ||    21
       Potion            |       |     1 |       |     2 |     1 ||     4
 Stab: Sleeping          |       |     2 |     2 |       |       ||     4
Armor: Robe              |       |    10 |     7 |    27 |       ||    44
Dodge: Dodged            |    11 |    31 |    56 |    82 |     8 ||   188
Block: Kite shield       |       |       |       |     7 |     5 ||    12
